 Dungeon Crawl Stone Soup version 0.27-a0-650-g8dd3ea4f36 (webtiles) character file.

Game seed: 3634557629042503932

23 lunkers the Skirmisher (level 2, -5/31 HPs)
             Began as an Ogre Warper on Mar 15, 2021.
             Slain by a hobgoblin
             ... wielding a +0 club
              (7 damage)
             ... on level 2 of the Dungeon.
             The game lasted 00:03:50 (1951 turns).

lunkers the Skirmisher (Ogre Warper)                Turns: 1951, Time: 00:03:51

Health: -5/31      AC:  3    Str: 14    XL:     2   Next: 95%
Magic:  5/5        EV: 10    Int: 14    God:
Gold:   71         SH:  0    Dex: 14    Spells: 5/5 levels left

rFire    . . .     SeeInvis .   a - +0 mace
rCold    . . .     Faith    .   (no shield)
rNeg     . . .     Spirit   .   b - +0 robe
rPois    .         Reflect  .   (helmet restricted)
rElec    .         Harm     .   (no cloak)
rCorr    .         Rampage  .   (gloves unavailable)
Will     .....                  (boots unavailable)
Stlth    +.........             (no amulet)
HPRegen  0.10/turn              c - +6 ring of dexterity
MPRegen  0.09/turn              (no ring)

@: no status effects
A: large, unfitting armour, tough skin 1
a: no special abilities


You were on level 2 of the Dungeon.
You visited 1 branch of the dungeon, and saw 2 of its levels.

You collected 71 gold pieces.

Inventory:

Hand Weapons
 a - a +0 mace (weapon)
Missiles
 e - 5 boomerangs of dispersal
Armour
 b - a +0 robe (worn)
Jewellery
 c - a +6 ring of dexterity (right hand)
Scrolls
 d - a scroll of blinking
 g - a scroll of teleportation {unknown}
Potions
 f - a potion of might {unknown}
 h - a potion of lignification {unknown}


   Skills:
 + Level 3.3 Fighting
 * Level 2.7 Maces & Flails
 - Level 1.0 Throwing
 - Level 2.1 Dodging
 - Level 2.4 Spellcasting
 - Level 2.6 Translocations


You had 5 spell levels left.
You didn't know any spells.
Your spell library contained the following spells:

 Spells                   Type           Power      Damage    Failure   Level
 Blink                    Tloc           N/A        N/A       12%         2
 Gell's Gravitas          Tloc           4%         N/A       22%         3
 Lesser Beckoning         Tloc           4%         N/A       22%         3
 Teleport Other           Tloc           9%         N/A       22%         3
 Manifold Assault         Tloc           9%         N/A       58%         4


Dungeon Overview and Level Annotations

Branches:
Dungeon (2/15)

Altars:


Innate Abilities, Weirdness & Mutations

You are too large for most types of armour.
You have tough skin. (AC +1)


Message History

No target in view!
No target in view!
No target in view!
No target in view!
No target in view!
No target in view!
No target in view!
No target in view!
No target in view!
No target in view!
No target in view!
A hobgoblin comes into view. It is wielding a +0 club.
A hobgoblin is nearby!
A hobgoblin is nearby!
The hobgoblin shouts!
You closely miss the hobgoblin. The hobgoblin closely misses you.
You hit the hobgoblin but do no damage. The hobgoblin hits you with a +0 club.
You hit the hobgoblin but do no damage. The hobgoblin hits you with a +0 club.
You hit the hobgoblin.
The hobgoblin is almost dead.
The hobgoblin hits you with a +0 club.
* * * LOW HITPOINT WARNING * * *
The hobgoblin hits you with a +0 club.
* * * LOW HITPOINT WARNING * * *
You barely miss the hobgoblin.
The hobgoblin is almost dead.
The hobgoblin hits you with a +0 club.
* * * LOW HITPOINT WARNING * * *
You hit the hobgoblin but do no damage.
The hobgoblin is almost dead.
The hobgoblin hits you with a +0 club.
* * * LOW HITPOINT WARNING * * *
You barely miss the hobgoblin.
The hobgoblin is almost dead.
The hobgoblin barely misses you. The hobgoblin hits you with a +0 club.
* * * LOW HITPOINT WARNING * * *
You hit the hobgoblin but do no damage.
The hobgoblin is almost dead.
The hobgoblin hits you with a +0 club!
You die...

.. ...?.. ..
#.... #.
.##.#....
#.##
......>..
<..#
........r
.##..
....#.rg.
.....
........<
#..####
###.########
#.g@.####.).#
##..<.....#
#.†....?##
#.......#
#.......#
#.......#
#.......#
#.......#
#.....>.#


You could see a hobgoblin.

Vanquished Creatures
  A dart slug (D:1)
  2 leopard geckos (D:1)
  A bat (D:1)
  A hobgoblin (D:1)
  3 kobolds (D:1)
  A quokka (D:2)
  3 goblins
  7 rats
19 creatures vanquished.

Notes
Turn   | Place    | Note
-------+----------+-------------------------------------------
     0 | D:1      | lunkers the Ogre Warper began the quest for the Orb.
     0 | D:1      | Reached XP level 1. HP: 22/22 MP: 3/3
   560 | D:1      | Reached skill level 3 in Fighting
   701 | D:1      | Reached XP level 2. HP: 31/31 MP: 5/5
  1169 | D:2      | Found a faded altar of an unknown god.
  1951 | D:2      | Slain by a hobgoblin

Illustrated notes

Levels and vault maps discovered:
D:1:      saegor_arrival_under_anarchy, layout_basic, minmay_unequal
D:2:      layout_rooms, lightli_temple_of_fire, chequers_ecumenical_altar_simple

Skill      XL: |  1 |
---------------+----+-----
Maces & Flails | 2 |  2.7
Fighting       | 3 |  3.3
Throwing       | |  1.0
Dodging        | |  2.1
Spellcasting   | |  2.4
Translocations | |  2.6

Action                   || total
-------------------------++-------
Melee: Mace              ||    88
Armor: Robe              ||    19
Dodge: Dodged            ||    50

Table legend: (Time is in decaauts)
 A = Elapsed time spent in this place.
 B = Non-inter-level travel time spent in this place.
 C = Inter-level travel time spent in this place.
 D = Time resting spent in this place.
 E = Time spent auto-exploring this place.
 F = Levels seen in this place.
 G = Mean time per level.
                   A        B        C        D        E       F      G
               +--------+--------+--------+--------+--------+-----+--------+
         Total |   1976 |   1940 |     36 |    254 |   1229 |   2 |  988.0 |
       Dungeon |   1976 |   1940 |     36 |    254 |   1229 |   2 |  988.0 |
               +--------+--------+--------+--------+--------+-----+--------+

Top non-repeatable levels by time:
     D:1: 1868 daAuts
     D:2: 107 daAuts
